 Dungeon Crawl Stone Soup version 0.27-a0-463-gec7707c53d (webtiles) character file.

Game seed: 2604352633253960173

32832 jasper the Severer (level 13, -8/117 HPs)
             Began as a Hill Orc Fighter on Feb 28, 2021.
             Was a High Priest of Wu Jian.
             Mangled by a death yak (14 damage)
             ... on level 4 of the Lair of Beasts.
             The game lasted 00:29:45 (21520 turns).

jasper the Severer (Hill Orc Fighter)              Turns: 21520, Time: 00:29:45

Health: -8/117     AC: 26    Str: 26    XL:     13   Next: 67%
Magic:  13/13      EV:  7    Int:  8    God:    Wu Jian [*****.]
Gold:   397        SH: 14    Dex: 10    Spells: 8/12 levels left

rFire    . . .     SeeInvis .   N - +2 war axe (flame)
rCold    + . .     Faith    .   X - +0 kite shield {rC+}
rNeg     + . .     Spirit   .   O - +2 plate armour {rPois}
rPois    +         Reflect  .   (no helmet)
rElec    .         Harm     .   t - +2 cloak
rCorr    .         Rampage  .   P - +0 pair of gloves
Will     .....                  (no boots)
Stlth    ..........             (no amulet)
HPRegen  0.29/turn              W - ring of Goshatocyn {+Blink rN+ Str+2}
MPRegen  0.13/turn              D - +4 ring of protection

@: heavenly storm, glowing
A: no striking features
a: Renounce Religion, Evoke Blink, Wall Jump, Serpent's Lash, Heavenly Storm


You were on level 4 of the Lair of Beasts.
You worshipped Wu Jian.
Wu Jian was extremely pleased with you.
You visited 3 branches of the dungeon, and saw 16 of its levels.
You also visited: Gauntlet.

You collected 1260 gold pieces.
You spent 863 gold pieces at shops.

Inventory:

Hand Weapons
 a - a +0 war axe
 w - a +2 hand axe of flaming
 N - a +2 war axe of flaming (weapon)
 T - the +3 sling "Punk" {acid, rCorr}
   (You found it on level 3 of the Lair of Beasts)

   It provides partial protection from all sources of acid and corrosion.
Missiles
 d - 5 boomerangs
 e - 537 stones (quivered)
 g - 10 javelins
 h - 81 poisoned darts
 p - 5 atropa-tipped darts
 E - 18 silver javelins
Armour
 t - a +2 cloak (worn)
 O - a +2 plate armour of poison resistance (worn)
 P - a +0 pair of gloves (worn)
 V - the +5 robe of Night {Dark Will+ SInv}
   (You found it in a Gauntlet)

   It affects your willpower, your defense against some magical effects.
   It lets you see invisible.
 X - a +0 kite shield of cold resistance (worn)
Jewellery
 k - a +4 ring of evasion
 r - a ring of fire
 A - a ring of willpower
 D - a +4 ring of protection (right hand)
 S - a ring of protection from cold
 W - the ring of Goshatocyn (left hand) {+Blink rN+ Str+2}
   (You found it in a Gauntlet)

   [ring of positive energy]

   It affects your strength (+2).
   It protects you from negative energy.
   It lets you blink.
Wands
 m - a wand of iceblast (21)
 y - a wand of mindburst (19)
 C - a wand of paralysis (15)
 L - a wand of digging (3)
 U - a wand of acid (9)
Scrolls
 f - 10 scrolls of teleportation
 i - 3 scrolls of noise
 l - 3 scrolls of amnesia
 n - 3 scrolls of enchant weapon
 o - 5 scrolls of immolation
 q - 4 scrolls of enchant armour
 x - 4 scrolls of blinking
 F - 5 scrolls of fear
 G - 7 scrolls of fog
 H - 2 scrolls of summoning
 J - 3 scrolls of magic mapping
 M - 4 scrolls of identify
 Q - a scroll of holy word
Potions
 j - a potion of brilliance
 s - 3 potions of resistance
 v - 3 potions of attraction
 z - 3 potions of curing
 B - 3 potions of flight
 I - a potion of magic
 K - 2 potions of cancellation
 R - a potion of lignification
Miscellaneous
 b - a lightning rod (4/4)
 c - a tin of tremorstones (2/2)


   Skills:
 - Level 11.7 Fighting
 - Level 16.7 Axes
 - Level 11.0 Armour
 + Level 14.1 Shields


You had 8 spell levels left.
You knew the following spells:

 Your Spells              Type           Power        Failure   Level
a - Blink                 Tloc           N/A          100%        2
b - Swiftness             Air            0%           100%        2

Your spell library contained the following spells:

 Spells                   Type           Power        Failure   Level
 Corona                   Hex            0%           99%         1
 Magic Dart               Conj           0%           99%         1
 Shock                    Conj/Air       0%           99%         1
 Call Imp                 Summ           0%           100%        2
 Ensorcelled Hibernation  Hex/Ice        0%           100%        2
 Searing Ray              Conj           0%           100%        2
 Slow                     Hex            0%           100%        2
 Confusing Touch          Hex            0%           100%        3
 Conjure Flame            Conj/Fire      0%           100%        3
 Dazzling Flash           Conj/Hex       0%           100%        3
 Mephitic Cloud           Conj/Pois/Air  0%           100%        3
 Spider Form              Tmut/Pois      0%           100%        3
 Static Discharge         Conj/Air       0%           100%        3
 Tukima's Dance           Hex            0%           100%        3
 Airstrike                Air            0%           100%        4
 Alistair's Intoxication  Tmut/Pois      0%           100%        5
 Iskenderun's Battlesphe  Conj           0%           100%        5
 Lightning Bolt           Conj/Air       0%           100%        5


Dungeon Overview and Level Annotations

Branches:
Dungeon (11/15)            Temple (0/1) D:7            Lair (4/6) D:9
 Shoals (0/4) Lair:4        Snake (0/4) Lair:2          Orc (1/2) D:9
Gauntlet (visited)

Altars:
Cheibriados
Elyvilon
Fedhas
Gozag
Okawaru
Qazlal
Ru
Sif Muna
Wu Jian
Xom
Yredelemnul
The Shining One

Shops:
D:6 *   D:8 :   D:11 [   Orc:1 ((*?

Annotations:
D:8 1 runed translucent door, jasper's ghost, journeyman SpEn
D:10 1 runed translucent door, jasper's ghost, novice SpEn
D:11 3 runed translucent doors, HungryMoth's ghost, journeyman FoEE; Xavori's ghost, journeyman OpCK; jasper's ghost, novice SpEn; liquidlegbone's ghost, journeyman MiBe
Lair:1 3 runed translucent doors, Pooter's ghost, journeyman GnWn


Message History

The death yak gores you but does no damage.
The death yak gores you! x2; You block the death yak's attack.
The death yak gores you but does no damage.
The death yak gores you! The death yak gores you.
You take 46 damage, and have 46/117 hp.
MASSIVE DAMAGE!!
You feel much better.
The death yak gores you but does no damage. x4
You block the death yak's attack.
You regained 25 hp, and now have 71/117 hp.
The air is filled with shimmering golden clouds!
Sifu Jiang Wei says: The storm will not cease as long as you keep fighting, disciple!
The death yak gores you but does no damage.
The death yak gores you! You block the death yak's attack. x2
The death yak gores you!
You take 26 damage, and have 45/117 hp.
MASSIVE DAMAGE!!
You hit the death yak but do no damage.
The death yak is heavily wounded.
You hit the death yak. You burn the death yak.
You hit the death yak but do no damage. You hit the death yak.
You burn the death yak. You hit the death yak but do no damage.
The death yak gores you! x2
* * * LOW HITPOINT WARNING * * *
You take 15 damage, and have 30/117 hp.
You hit the death yak. You burn the death yak.
The death yak is moderately wounded.
You slash the death yak! You burn the death yak. You slash the death yak!
You burn the death yak!
You hit the death yak but do no damage. x2
The death yak gores you!
* * * LOW HITPOINT WARNING * * *
The death yak gores you!
* * * LOW HITPOINT WARNING * * *
You take 24 damage, and have 6/117 hp.
MASSIVE DAMAGE!!
Aiming: Wall Jump
Press: ? - help, Dir - move target You repeatedly attack the death yak from above.
You slash the death yak! You burn the death yak.
You kill the death yak!
The Council accepts your kill. The death yak gores you!
You die...

,,,,,* ###.........* #..........
,,,,,*#*..........## ##Y.........
,,,,**#.,.P........###.Y.........
,,,,**...##P.......##............
,,,,,,,,#.......☼☼#,#........≈≈≈.
,<,,,,****#.†††.§☼###........≈≈≈≈
,,,,+,* #...§§§§§☼Y.#.>...≈≈≈≈≈
,,,,*,* ##...§§YYY§§##.....≈≈≈≈≈
,,,,*** #....§☼@Y§#§##....>≈≈≈≈≈
***** ###..☼#§########^..≈≈≈≈≈ ,*
##.#### #..≈≈≈≈≈≈ ** #..######
##..≈≈≈≈≈≈ ,* ###+#..#P.##
##....≈≈≈≈≈ **
#..........###....≈.≈≈.. ,*
#..........#.#.......... ,**
##.........##[.......... ,,*
##..)..................†


You could see 4 death yaks.

Vanquished Creatures
  A minotaur (Gauntlet)
  Fannar (Lair:1)
  2 hydras
  Harold (D:7)
  2 boulder beetles
  A two-headed ogre (D:11)
  A death yak (Lair:4)
  A queen ant (Gauntlet)
  Urug (Lair:4)
  An unseen horror (D:11)
  A death drake (Gauntlet)
  Pikel (D:6)
  A manticore (D:11)
  6 elephants (Lair:3)
  A cyclops (D:11)
  5 centaur zombies
  An ice statue (Gauntlet)
  A gargoyle (D:11)
  2 cane toads
  6 rime drakes
  A freezing wraith (D:9)
  4 komodo dragons
  3 trolls
  A hornet (D:11)
  4 blink frogs (Lair:4)
  A shadow (D:9)
  2 wyverns
  30 yaks
  2 basilisks (D:9)
  Menkaure (D:6)
  3 nagas
  8 water moccasins
  3 soldier ants (Gauntlet)
  7 orc warriors
  3 black bears
  3 ice beasts
  A swamp drake (D:9)
  A necrophage (D:8)
  4 sky beasts
  9 wolves (Lair:4)
  3 ogres
  2 centaurs
  A lemure (D:6)
  8 phantoms
  11 bullfrogs
  A kobold brigand (D:10)
  A gnoll sergeant (D:7)
  A water moccasin zombie (D:5)
  2 scorpions
  A water moccasin skeleton (D:9)
  2 troll zombies (D:9)
  18 killer bees
  2 howler monkeys
  7 hounds
  A quasit (D:7)
  7 orc priests
  5 centaur skeletons
  A jelly (D:9)
  7 hell rats (Lair:4)
  6 iguanas
  17 orc wizards
  10 worker ants
  2 killer bee zombies
  4 ogre zombies (D:9)
  3 hound zombies
  A hound skeleton (D:6)
  A worker ant zombie (D:9)
  11 gnolls
  12 adders
  3 howler monkey skeletons
  5 shadow imps
  A white imp (D:10)
  2 ufetubi
  An ooze (D:1)
  An adder zombie (D:7)
  3 adder skeletons
  9 worms
  2 dart slugs (D:2)
  8 leopard geckos
  58 orcs
  A ball python (D:6)
  10 bats
  9 giant cockroaches
  6 goblins
  11 hobgoblins
  14 jackals
  8 quokkas
  9 frilled lizards
  2 goblin skeletons (D:9)
  2 goblin zombies (D:9)
  2 hobgoblin skeletons (D:9)
  A hobgoblin zombie (D:9)
  A jackal skeleton (D:7)
  14 kobolds
  A leopard gecko skeleton (D:7)
  2 orc skeletons (D:9)
  10 orc zombies (D:9)
  A quokka skeleton (D:6)
  15 rats
488 creatures vanquished.

Vanquished Creatures (others)
  An ogre (D:7)
  A bullfrog (D:7)
  A worker ant (D:7)
  A worker ant zombie (D:7)
  A gnoll (D:7)
  An adder (D:7)
  30 fungi
  36 plants
  2 withered plants (D:11)
74 creatures vanquished.

Grand Total: 562 creatures vanquished

Notes
Turn   | Place    | Note
-------+----------+-------------------------------------------
     0 | D:1      | jasper the Hill Orc Fighter began the quest for the Orb.
     0 | D:1      | Reached XP level 1. HP: 19/19 MP: 1/1
   161 | D:1      | Reached skill level 3 in Axes
   383 | D:1      | Reached XP level 2. HP: 25/26 MP: 2/2
   501 | D:1      | Reached skill level 4 in Axes
   997 | D:1      | Reached XP level 3. HP: 20/31 MP: 3/3
  1486 | D:2      | Reached skill level 5 in Axes
  1722 | D:2      | Reached XP level 4. HP: 39/39 MP: 4/4
  2107 | D:2      | Found an ornate altar of the Wu Jian Council.
  2162 | D:2      | Became a worshipper of the Wu Jian Council
  2314 | D:2      | Reached skill level 6 in Axes
  2589 | D:3      | Reached XP level 5. HP: 36/45 MP: 5/5
  2593 | D:3      | Reached skill level 7 in Axes
  2669 | D:3      | Reached * piety under Wu Jian
  3471 | D:3      | Reached skill level 8 in Axes
  3474 | D:3      | Reached XP level 6. HP: 48/51 MP: 6/6
  3763 | D:4      | Reached ** piety under Wu Jian
  3863 | D:4      | Found a shimmering blue altar of Sif Muna.
  4141 | D:4      | Learned a level 2 spell: Blink
  4213 | D:4      | Reached skill level 9 in Axes
  4660 | D:5      | Entered Level 5 of the Dungeon
  4721 | D:5      | Reached XP level 7. HP: 57/57 MP: 7/7
  4754 | D:4      | Reached skill level 10 in Axes
  5217 | D:5      | Reached skill level 11 in Axes
  5217 | D:5      | Reached *** piety under Wu Jian
  5337 | D:5      | Reached XP level 8. HP: 45/64 MP: 8/8
  5626 | D:5      | Found a stormy altar of Qazlal.
  5733 | D:5      | Found a snail-covered altar of Cheibriados.
  5980 | D:6      | Reached skill level 12 in Axes
  6112 | D:6      | Reached skill level 13 in Axes
  6317 | D:6      | Noticed Menkaure
  6337 | D:6      | Killed Menkaure
  6375 | D:6      | Noticed Pikel
  6462 | D:6      | Killed Pikel
  6463 | D:6      | Reached skill level 14 in Axes
  6463 | D:6      | Reached XP level 9. HP: 70/70 MP: 9/9
  6580 | D:6      | Found a blossoming altar of Fedhas.
  6600 | D:6      | Found an opulent altar of Gozag.
  6620 | D:6      | Found Peutz's General Store.
  6632 | D:6      | Bought 2 potions of curing for 72 gold pieces
  6645 | D:6      | Found a basalt altar of Yredelemnul.
  6656 | D:6      | Found a glowing golden altar of the Shining One.
  6658 | D:6      | Noticed an angel
  6680 | D:6      | Reached skill level 15 in Axes
  7010 | D:7      | Found a staircase to the Ecumenical Temple.
  7154 | D:7      | HP: 1/70 [killer bee (4)]
  7229 | D:7      | Noticed Harold
  7234 | D:7      | Reached **** piety under Wu Jian
  7259 | D:7      | Killed Harold
  7260 | D:7      | Reached skill level 16 in Axes
  7266 | D:7      | Reached XP level 10. HP: 54/77 MP: 10/10
  7713 | D:7      | Found a shimmering altar of Xom.
  8422 | D:8      | Found Vautugg's Book Boutique.
  8976 | D:8      | Reached skill level 5 in Fighting
  9390 | D:9      | You fall into a shaft and drop 1 floor!
  9390 | D:10     | Entered Level 10 of the Dungeon
  9441 | D:10     | Reached skill level 5 in Armour
  9441 | D:10     | Reached skill level 5 in Shields
  9586 | D:10     | Reached ***** piety under Wu Jian
  9754 | D:10     | Noticed a spriggan rider
  9755 | D:10     | Found a runed translucent door.
  9755 | D:10     | Noticed jasper's ghost (novice SpEn)
  9757 | D:10     | Identified the +9 trident of the Known World {venom, Str+7
                  | Int-3}
 10051 | D:10     | Found an iron altar of Okawaru.
 10569 | D:9      | Reached XP level 11. HP: 92/92 MP: 11/11
 11245 | D:9      | Found a staircase to the Orcish Mines.
 12507 | D:9      | Found a staircase to the Lair.
 12917 | D:9      | Learned a level 2 spell: Swiftness
 13363 | D:9      | Found a sacrificial altar of Ru.
 13991 | D:8      | Found a runed translucent door.
 13994 | D:8      | Identified the +5 trident of Death {vorpal, Str+4}
 13995 | D:8      | Noticed jasper's ghost (journeyman SpEn)
 14574 | Orc:1    | Entered Level 1 of the Orcish Mines
 14574 | Orc:1    | Found Mevuom's Antique Weapon Boutique.
 14754 | Orc:1    | Bought a glowing war axe for 208 gold pieces
 14790 | Orc:1    | Found Moyps's Antique Weapon Boutique.
 14952 | Orc:1    | Found Seekk's Magic Scroll Emporium.
 14953 | Orc:1    | Found Usela's General Store.
 15039 | Orc:1    | Bought a scroll of fog for 34 gold pieces
 15039 | Orc:1    | Bought a scroll of teleportation for 51 gold pieces
 15048 | Orc:1    | Bought a +2 plate armour of poison resistance for 444 gold
                  | pieces
 15452 | D:11     | Noticed a boulder beetle
 15463 | D:11     | Killed a boulder beetle
 15574 | D:11     | Found Elarruef's Armour Shoppe.
 15581 | D:11     | Bought a +0 pair of gloves for 54 gold pieces
 15632 | D:11     | Killed an unseen horror
 15704 | D:11     | Reached XP level 12. HP: 106/106 MP: 12/12
 15905 | D:11     | Noticed a two-headed ogre
 15913 | D:11     | Killed a two-headed ogre
 15914 | D:11     | Reached skill level 10 in Fighting
 16040 | D:11     | Reached ****** piety under Wu Jian
 16343 | D:11     | Found a white marble altar of Elyvilon.
 16382 | D:11     | Noticed jasper's ghost (novice SpEn)
 16383 | D:11     | Found a runed translucent gate.
 16383 | D:11     | Noticed HungryMoth's ghost (journeyman FoEE)
 16383 | D:11     | Noticed liquidlegbone's ghost (journeyman MiBe)
 16383 | D:11     | Noticed Xavori's ghost (journeyman OpCK)
 16384 | D:11     | Found a runed translucent gate.
 16384 | D:11     | Found a runed translucent gate.
 16688 | Lair:1   | Entered Level 1 of the Lair of Beasts
 16809 | Lair:1   | Found a runed translucent gate.
 16809 | Lair:1   | Found a runed translucent gate.
 16809 | Lair:1   | Found a runed translucent gate.
 16812 | Lair:1   | Noticed Pooter's ghost (journeyman GnWn)
 17078 | Lair:1   | Reached skill level 10 in Armour
 17078 | Lair:1   | Reached skill level 10 in Shields
 17122 | Lair:1   | Noticed Fannar
 17158 | Lair:1   | Killed Fannar
 17244 | Lair:1   | Noticed a seven-headed hydra
 17256 | Lair:1   | Killed a two-headed hydra
 17913 | Lair:2   | Found a staircase to the Snake Pit.
 18058 | Lair:2   | Noticed a seven-headed hydra
 18078 | Lair:2   | Killed a two-headed hydra
 18703 | Lair:3   | Found the +3 sling "Punk" {acid, rCorr}
 19131 | Lair:3   | Reached XP level 13. HP: 113/117 MP: 13/13
 19897 | Lair:4   | Noticed Urug
 19905 | Lair:4   | Killed Urug
 19930 | Lair:4   | Found a gate leading to a gauntlet.
 19939 | Gauntlet | Entered a Gauntlet
 19939 | Gauntlet | Found a transporter.
 20034 | Gauntlet | Found a transporter.
 20036 | Gauntlet | Found a transporter.
 20043 | Gauntlet | Found a transporter.
 20044 | Gauntlet | Found the +5 robe of Night {Dark Will+ SInv}
 20058 | Gauntlet | Found a transporter.
 20063 | Gauntlet | Found a transporter.
 20080 | Gauntlet | Found a transporter.
 20098 | Gauntlet | Found a transporter.
 20113 | Gauntlet | Found a transporter.
 20122 | Gauntlet | Found a transporter.
 20134 | Gauntlet | Found a transporter.
 20140 | Gauntlet | Found a transporter.
 20140 | Gauntlet | Found a transporter.
 20155 | Gauntlet | Found a transporter.
 20172 | Gauntlet | Found a transporter.
 20211 | Gauntlet | Found a transporter.
 20238 | Gauntlet | Found a transporter.
 20330 | Gauntlet | Found a transporter.
 20799 | Gauntlet | Identified the ring of Goshatocyn {+Blink rN+ Str+2}
 20973 | Gauntlet | Identified the +9 whip of Fear {protect, Dex+4}
 20973 | Gauntlet | Noticed a minotaur
 20991 | Gauntlet | Killed a minotaur
 21014 | Gauntlet | Identified the Disquisition on Damaging Envenoming
 21021 | Gauntlet | Identified the +3 ring mail of Okawaru's Esteem {Int+4}
 21021 | Gauntlet | Identified the +1 morningstar of Responsibility {drain,
                  | Str+4}
 21024 | Gauntlet | Identified the +1 robe of Least Resistance {rElec rC+
                  | Int+4}
 21520 | Lair:4   | Mangled by a death yak

Illustrated notes

Levels and vault maps discovered:
D:1:      evilmike_arrival_rings, layout_basic, minmay_pentomino_o4
D:2:      layout_basic, nzn_wu_jian_contemplation, kennysheep_generic_room_10
D:3:      minmay_chambers_of_threes, layout_basic, minmay_joined_circles
D:4:      layout_basic, led_sif_pool, nicolae_overflow_hidden_temple
D:5:      layout_rooms, overflow_temple_1_default,
          nicolae_qazlal_general_emergency
D:6:      layout_cave_pools, grunt_temple_overflow_holy_war,
          grunt_temple_overflow_open, serial_shops, shop,
          nicolae_underground_beach, uniq_pikel, uniq_menkaure
D:7:      layout_basic, xom_confusion_cloud, minmay_temple_entry_wispy,
          enter_bailey_2, lemuel_flame_loot_1, uniq_harold
D:8:      layout_loops_corners, ebering_ghost_funeral_grove, serial_shops,
          nicolae_shop_competitors_out_of_business, grunt_ministairs_1,
          kennysheep_small_spiral
D:9:      nzn_winding_woodlands_three_and_one
          [nzn_winding_woodlands_5x15_split_checker,
          nzn_winding_woodlands_5x15_longhouse,
          nzn_winding_woodlands_5x15_parted,
          nzn_winding_woodlands_center_diamonds], layout_layer_cave,
          general_overflow_altar, erik_lair_dragon, zombieorc1_lemuel
D:10:     layout_loops_ring, ebering_ghost_funeral_grove, basic_altar
D:11:     layout_loops_cross, gammafunk_ghost_cemetery, serial_shops,
          nicolae_shop_statue_plus, basic_altar
Lair:1:   layout_cave_pods, gammafunk_ghost_necromancy, uniq_fannar
Lair:2:   layout_regular_city, minmay_snake_entry_guardpost_small
Lair:3:   layout_roguey
Lair:4:   layout_roguey, elwin_shoals_entry_rooms, gauntlet_entry_generic,
          grunt_forest_small_clearing_treed, infiniplex_staircase_pool,
          uniq_urug
Orc:1:    layout_caves, basic_altar, serial_shops, shop,
          nicolae_shop_temple_entry_statues_fountains, nicolae_shop_statue_plus,
          nicolae_shop_window_shopping, mines_bat_river

Skill      XL: |  1  2  3  4  5  6  7  8  9 10 11 12 13 |
---------------+----------------------------------------+-----
Axes           | 3 4 5 6 8 9 11 14 16 | 16.7
Fighting       | 7 9 11 | 11.7
Armour         | 6 9 11 | 11.0
Shields        | 6 9 11 14 | 14.1

Action                   |  1- 3 |  4- 6 |  7- 9 | 10-12 | 13-15 || total
-------------------------+-------+-------+-------+-------+-------++-------
Melee: War axe           |    76 |   235 |   300 |  1063 |   253 ||  1927
 Fire: Fustibalus        |       |       |       |       |     9 ||     9
Throw: Stone             |    34 |    39 |    48 |    91 |     7 ||   219
Invok: Lunge             |       |     6 |     4 |    35 |     7 ||    52
       Whirlwind         |       |     1 |     4 |    10 |    11 ||    26
       Serpent's Lash    |       |       |       |     1 |     2 ||     3
       Heavenly Storm    |       |       |       |       |     2 ||     2
 Abil: Wall Jump         |       |       |     1 |       |     4 ||     5
Evoke: Wand              |       |       |     3 |    11 |       ||    14
  Use: Potion            |     1 |     1 |    13 |     2 |     1 ||    18
       Scroll            |       |       |       |    18 |     1 ||    19
 Stab: Paralysed         |       |       |       |    29 |       ||    29
       Invisible         |       |       |       |     3 |       ||     3
Armor: Scale mail        |    30 |    70 |   130 |    54 |       ||   284
       Skin              |       |       |    11 |       |       ||    11
       Plate armour      |       |       |       |   311 |   117 ||   428
Dodge: Dodged            |    27 |    74 |   174 |   261 |    41 ||   577
Block: Kite shield       |    34 |    85 |   166 |   409 |   136 ||   830

Table legend: (Time is in decaauts)
 A = Elapsed time spent in this place.
 B = Non-inter-level travel time spent in this place.
 C = Inter-level travel time spent in this place.
 D = Time resting spent in this place.
 E = Time spent auto-exploring this place.
 F = Levels seen in this place.
 G = Mean time per level.
                   A        B        C        D        E       F      G
               +--------+--------+--------+--------+--------+-----+--------+
         Total |  21537 |  20738 |    799 |   3668 |  13358 |  17 | 1266.9 |
       Dungeon |  16102 |  15457 |    645 |   2624 |  10098 |  11 | 1463.8 |
          Lair |   3578 |   3459 |    119 |    450 |   2451 |   4 |  894.5 |
  Orcish Mines |    680 |    646 |     34 |    148 |    394 |   1 |  680.0 |
      Gauntlet |   1176 |   1176 |      0 |    446 |    415 |   1 | 1176.0 |
               +--------+--------+--------+--------+--------+-----+--------+

Top non-repeatable levels by time:
     D:9: 3195 daAuts
     D:8: 1880 daAuts
     D:2: 1468 daAuts
     D:4: 1452 daAuts
     D:7: 1425 daAuts
     D:3: 1297 daAuts
    D:10: 1272 daAuts
  Lair:1: 1246 daAuts
Gauntlet: 1176 daAuts
    D:11: 1176 daAuts
  Lair:3: 1127 daAuts
     D:1: 1015 daAuts
     D:6: 1012 daAuts
     D:5: 906 daAuts
  Lair:2: 724 daAuts
